 Dungeon Crawl Stone Soup version 0.22.1-1-ga44c0e56f4 (webtiles) character file.

128 Nygeryga the Skirmisher (level 4, -4/42 HPs)
             Began as a Minotaur Berserker on Oct 30, 2018.
             Was a Believer of Trog.
             Slain by Sigmund
             ... wielding a +0 scythe
              (7 damage)
             ... on level 3 of the Dungeon.
             The game lasted 00:05:51 (2345 turns).

Nygeryga the Skirmisher (Minotaur Berserker)        Turns: 2345, Time: 00:05:51

Health: -4/42      AC:  9    Str: 22    XL:     4   Next: 86%
Magic:  3/3        EV:  8    Int:  4    God:    Trog [**....]
Gold:   152        SH:  0    Dex: 10    Spells: 3/3 levels left

rFire    . . .     SeeInvis .   o - +0 flail
rCold    . . .     Gourm    .   (no shield)
rNeg     + . .     Faith    .   p - +1 chain mail {rN+}
rPois    .         Spirit   .   (helmet restricted)
rElec    .         Reflect  .   h - scarf {cloud immunity}
rCorr    .         Harm     .   (no gloves)
MR       .....                  (no boots)
Stlth    ..........             (no amulet)
HPRegen  0.14/turn              (no ring)
MPRegen  0.08/turn              (no ring)

@: confused
A: retaliatory headbutt, horns 2
a: Berserk, Trog's Hand, Renounce Religion


You were on level 3 of the Dungeon.
You worshipped Trog.
Trog was pleased with you.
You were hungry.

You visited 1 branch of the dungeon, and saw 3 of its levels.

You collected 152 gold pieces.

Inventory:

Hand Weapons
 a - a +0 mace
 o - a +0 flail (weapon)
Armour
 b - a +0 animal skin
 g - a +0 scale mail
 h - a scarf of cloud immunity (worn)
 p - a +1 chain mail of positive energy (worn)
Jewellery
 j - an uncursed amulet of harm {unknown}
 n - a +4 ring of evasion {unknown}
 s - an uncursed ring of wizardry {unknown}
Scrolls
 d - 2 scrolls of identify {unknown}
 e - 4 scrolls of remove curse {unknown}
 f - a scroll of fog {unknown}
 i - a scroll of amnesia {unknown}
 l - a scroll of enchant armour {unknown}
 q - a scroll of blinking {unknown}
Potions
 k - 2 potions of mutation {unknown}
 m - a potion of brilliance {unknown}
 r - a potion of agility {unknown}
 u - 2 potions of curing {unknown}
Comestibles
 c - 5 rations
 t - 10 chunks of flesh


   Skills:
 + Level 5.4 Fighting
 + Level 5.4 Maces & Flails
 - Level 2.4 Armour
 - Level 2.1 Dodging


You had 3 spell levels left.
You didn't know any spells.
Your spell library was empty.

Dungeon Overview and Level Annotations

Branches:
Dungeon (3/15)

Altars:

Annotations:
D:3 Sigmund


Innate Abilities, Weirdness & Mutations

You reflexively headbutt those who attack you in melee.
You have a pair of horns on your head.


Message History

The bat misses you. Sigmund casts a spell at you.
You are confused.
You hit Sigmund but do no damage.
Sigmund is heavily wounded.
The bat completely misses you. Sigmund completely misses you.
You bump into the rock wall.
The bat closely misses you. The bat completely misses you.
Sigmund barely misses you. The bat closely misses you.
Your transformation has ended.
Your +0 flail unmelds from your body.
Your scarf of cloud immunity unmelds from your body.
Your +1 chain mail of positive energy unmelds from your body.
You feel immune to the effects of clouds.
You feel more protected from negative energy.
The bat hits you but does no damage.
Sigmund zaps a wand.
You resist with some effort. The bat hits you but does no damage.
Sigmund hits you from afar with a scythe!
You die...

######.#########.#####...###.
..................####.### #.
..............#.#.......#####
######........)..(.###...#
#...........##(###.#.###
#.!........###(.##...)..
#..........# ##..##..#..
#..........# ##........
#......@...# ##.......
##......>@######<.....#.
.#.....†%.b.#).........##
#............#.#........#
###.....................#
#...........#####.....#
.............# ####.##
..##..........# #.# ..
##.........# #.##


You could see Sigmund and a bat.

Vanquished Creatures
  An orc priest (D:3)
  Terence (D:2)
  An ooze (D:1)
  A worm (D:2)
  2 dart slugs (D:1)
  4 leopard geckos
  2 orcs (D:3)
  A ball python (D:1)
  2 giant cockroaches
  6 goblins
  7 hobgoblins
  3 jackals (D:3)
  9 kobolds
  5 bats
  5 frilled lizards
  6 rats
  A plant (D:2)
57 creatures vanquished.

Notes
Turn   | Place    | Note
-------+----------+-------------------------------------------
     0 | D:1      | Nygeryga the Minotaur Berserker began the quest for the
                  | Orb.
     0 | D:1      | Reached XP level 1. HP: 19/19 MP: 0/0
     2 | D:1      | Noticed a troll
     2 | D:1      | Noticed a halfling
     4 | D:1      | Noticed an elf
     6 | D:1      | Noticed a human
     8 | D:1      | Noticed a merfolk
    10 | D:1      | Noticed a ghoul
    10 | D:1      | Noticed an ogre
    12 | D:1      | Noticed a gargoyle
    12 | D:1      | Noticed a spriggan
    14 | D:1      | Noticed a centaur
    16 | D:1      | Noticed an octopode
    16 | D:1      | Noticed a demonspawn
    18 | D:1      | Noticed a demigod
    18 | D:1      | Noticed a tengu
    20 | D:1      | Noticed a felid
    20 | D:1      | Noticed a vine stalker
    22 | D:1      | Noticed a dwarf
    22 | D:1      | Noticed a formicid
    24 | D:1      | Noticed a vampire
    24 | D:1      | Noticed a naga
    26 | D:1      | Noticed a draconian
    26 | D:1      | Noticed a minotaur
   233 | D:1      | Reached XP level 2. HP: 27/27 MP: 1/1
   831 | D:1      | Reached XP level 3. HP: 31/34 MP: 2/2
   968 | D:2      | Noticed Terence
   978 | D:2      | Killed Terence
  1406 | D:2      | Reached XP level 4. HP: 41/41 MP: 3/3
  1422 | D:2      | Reached ** piety under Trog
  1481 | D:2      | Reached skill level 5 in Fighting
  1481 | D:2      | Reached skill level 5 in Maces & Flails
  2270 | D:3      | Noticed Sigmund
  2335 | D:3      | HP: 2/42 [Sigmund/scythe (4)]
  2345 | D:3      | Slain by Sigmund

Skill      XL: |  1  2  3  4 |
---------------+-------------+-----
Fighting       | 4 5 |  5.4
Maces & Flails | 4 5 |  5.4
Armour         | |  2.4
Dodging        | |  2.1

Action                   |  1- 3 |  4- 6 || total
-------------------------+-------+-------++-------
Melee: Mace              |    51 |       ||    51
       Headbutt          |    12 |    12 ||    24
       Flail             |    13 |    61 ||    74
       Unarmed           |       |    16 ||    16
  Eat: Chunk             |     2 |     2 ||     4
Armor: Animal skin       |     2 |       ||     2
       Scale mail        |    19 |       ||    19
       Chain mail        |     5 |    46 ||    51
Dodge: Dodged            |    45 |    58 ||   103
